HSSL
FORT WORTH HS TURKEYS @ ROCKY POINT HS EAGLES
04/17/2027
 
TOP OF THE 1ST
Fort Worth HS Turkeys batting - Pitching for Rocky Point HS Eagles : RHP Cam Burns
Pitching: RHP Cam Burns
Batting: LHB Fernando García 0-0: Foul Ball, location: 2F
0-1: Foul Ball, location: 2F
0-2: Foul Ball, location: 2F
0-2: Strikes out swinging
Batting: RHB Mal Roberson 0-0: Swinging Strike
0-1: Ball
1-1: Ball
2-1: Foul Ball, location: 2F
2-2: SINGLE (Groundball, 4MD)
Batting: RHB Tristan Vincent 0-0: Ball
1-0: Foul Ball, location: 2F
1-1: 2-RUN HOME RUN (Flyball, 7LD), Distance : 339 ft
Batting: LHB Francisco Madraso 0-0: Ball
1-0: Ground out 4-3 (Groundball, 4)
Batting: RHB Bill Ménard 0-0: Ball
1-0: Ball
2-0: Ball
3-0: Base on Balls
Batting: RHB Fred Smith 0-0: Ball
1-0: Fly out, F9 (Flyball, 9S)
Top of the 1st over - 2 run(s), 2 hit(s), 0 error(s), 1 left on base; Fort Worth HS 2 - Rocky Point HS 0
BOTTOM OF THE 1ST
Rocky Point HS Eagles batting - Pitching for Fort Worth HS Turkeys : RHP Michael Pittman
Pitching: RHP Michael Pittman
Batting: LHB Gus Price 0-0: Ball
1-0: SINGLE (Flyball, 8LS) - OUT at second base trying to stretch hit.
Batting: SHB Josh Conner 0-0: Foul Ball, location: 2F
0-1: Called Strike
0-2: Ball
1-2: Strikes out swinging
Batting: RHB Fernando Rodríguez 0-0: Called Strike
0-1: Foul Ball, location: 2F
0-2: Ball
1-2: Ball
2-2: Fly out, F7 (Flyball, 78M)
Bottom of the 1st over - 0 run(s), 1 hit(s), 0 error(s), 0 left on base; Fort Worth HS 2 - Rocky Point HS 0
TOP OF THE 2ND
Fort Worth HS Turkeys batting - Pitching for Rocky Point HS Eagles : RHP Cam Burns
Batting: RHB Denny Dennis 0-0: Called Strike
0-1: Ball
1-1: Ball
2-1: Fly out, F7 (Flyball, 7)
Batting: RHB Terry McRa 0-0: Called Strike
0-1: Ball
1-1: Foul Ball, location: 2F
1-2: Ball
2-2: Foul Ball, location: 2F
2-2: Foul Ball, location: 2F
2-2: Ball
3-2: Base on Balls
Batting: RHB Ken Adams 0-0: Ball
1-0: Foul Ball, location: 2F
1-1: Ball
2-1: SINGLE (Groundball, 4MD)
Terry McRa to second
Runner from 2nd tries for 3rd, SAFE, throw made to third
Batting: LHB Fernando García 0-0: Called Strike
0-1: Ball
1-1: Called Strike
Ken Adams steals 2nd base
1-2: Foul Ball, location: 2F
1-2: Ball
2-2: Foul Ball, location: 2F
2-2: Foul Ball, location: 2F
2-2: Ball
3-2: Base on Balls
Batting: RHB Mal Roberson 0-0: Ball
1-0: Ball
Wild Pitch!
Terry McRa scores
Ken Adams to third
Fernando García to second
2-0: Ball
3-0: Base on Balls
Batting: RHB Tristan Vincent 0-0: Called Strike
0-1: Ball
1-1: Ball
2-1: Ball
3-1: Base on Balls
Ken Adams scores
Fernando García to third
Mal Roberson to second
Batting: LHB Francisco Madraso 0-0: Foul Ball, location: 2F
0-1: Ball
1-1: Foul Ball, location: 2F
1-2: Ball
2-2: Foul Ball, location: 2F
2-2: Strikes out looking
Batting: RHB Bill Ménard 0-0: Ball
1-0: Foul Ball, location: 2F
1-1: Ball
2-1: Called Strike
2-2: Fly out, F9 (Line Drive, 9)
Top of the 2nd over - 2 run(s), 1 hit(s), 0 error(s), 3 left on base; Fort Worth HS 4 - Rocky Point HS 0
BOTTOM OF THE 2ND
Rocky Point HS Eagles batting - Pitching for Fort Worth HS Turkeys : RHP Michael Pittman
Batting: RHB Andrew Pinto 0-0: Ball
1-0: Called Strike
1-1: Ball
2-1: Ball
3-1: Ground out 5-3 (Groundball, 56S)
Batting: SHB Andrés Coronado 0-0: Called Strike
0-1: Called Strike
0-2: Ground out 4-3 (Groundball, 34)
Batting: RHB Liam Simons 0-0: Ground out 5-3 (Groundball, 56)
Bottom of the 2nd over - 0 run(s), 0 hit(s), 0 error(s), 0 left on base; Fort Worth HS 4 - Rocky Point HS 0
TOP OF THE 3RD
Fort Worth HS Turkeys batting - Pitching for Rocky Point HS Eagles : RHP Cam Burns
Batting: RHB Fred Smith 0-0: Called Strike
0-1: SINGLE (Groundball, 6D)
Batting: RHB Denny Dennis 0-0: Foul Ball, location: 2F
0-1: Grounds into double play, 6-4-3 (Groundball, 6)
Batting: RHB Terry McRa 0-0: Called Strike
0-1: Ball
1-1: Foul Ball, location: 2F
1-2: Ground out 5-3 (Groundball, 56)
Top of the 3rd over - 0 run(s), 1 hit(s), 0 error(s), 0 left on base; Fort Worth HS 4 - Rocky Point HS 0
BOTTOM OF THE 3RD
Rocky Point HS Eagles batting - Pitching for Fort Worth HS Turkeys : RHP Michael Pittman
Batting: RHB Vincent Turner 0-0: Called Strike
0-1: Fly out, F6 (Popup, 56D)
Batting: LHB Rob Peterson 0-0: Swinging Strike
0-1: SINGLE (Groundball, 3S) (infield hit)
Batting: RHB Ramón Garza 0-0: Called Strike
0-1: Fly out, F8 (Flyball, 8RM)
Batting: LHB Gus Price 0-0: Ball
1-0: Fielders Choice at 2nd, 4-6 (Groundball, 34)
Bottom of the 3rd over - 0 run(s), 1 hit(s), 0 error(s), 0 left on base; Fort Worth HS 4 - Rocky Point HS 0
TOP OF THE 4TH
Fort Worth HS Turkeys batting - Pitching for Rocky Point HS Eagles : RHP Cam Burns
Batting: RHB Ken Adams 0-0: Called Strike
0-1: Foul Ball, location: 2F
0-2: Strikes out swinging, 2-3 out at first.
Batting: LHB Fernando García 0-0: Ball
1-0: Fly out, F7 (Flyball, 78M)
Batting: RHB Mal Roberson 0-0: Ball
1-0: Swinging Strike
1-1: Foul Ball, location: 2F
1-2: Strikes out swinging
Top of the 4th over - 0 run(s), 0 hit(s), 0 error(s), 0 left on base; Fort Worth HS 4 - Rocky Point HS 0
BOTTOM OF THE 4TH
Rocky Point HS Eagles batting - Pitching for Fort Worth HS Turkeys : RHP Michael Pittman
Batting: SHB Josh Conner 0-0: Ball
1-0: Swinging Strike
1-1: Ball
2-1: Ball
3-1: Ground out 4-3 (Groundball, 4)
Batting: RHB Fernando Rodríguez 0-0: Ball
1-0: Called Strike
1-1: Swinging Strike
1-2: Ball
2-2: SOLO HOME RUN (Flyball, 7LD), Distance : 342 ft
Batting: RHB Andrew Pinto 0-0: Ball
1-0: Ball
2-0: Fly out, F9 (Flyball, 89M)
Batting: SHB Andrés Coronado 0-0: Ball
1-0: Ball
2-0: Called Strike
2-1: Fly out, F9 (Flyball, 89M)
Bottom of the 4th over - 1 run(s), 1 hit(s), 0 error(s), 0 left on base; Fort Worth HS 4 - Rocky Point HS 1
TOP OF THE 5TH
Fort Worth HS Turkeys batting - Pitching for Rocky Point HS Eagles : RHP Cam Burns
Batting: RHB Tristan Vincent 0-0: Ball
1-0: Called Strike
1-1: Fly out, F8 (Flyball, 8RM)
Batting: LHB Francisco Madraso 0-0: Ball
1-0: Foul Ball, location: 2F
1-1: Swinging Strike
1-2: Strikes out swinging
Batting: RHB Bill Ménard 0-0: Ground out 6-3 (Groundball, 6)
Top of the 5th over - 0 run(s), 0 hit(s), 0 error(s), 0 left on base; Fort Worth HS 4 - Rocky Point HS 1
BOTTOM OF THE 5TH
Rocky Point HS Eagles batting - Pitching for Fort Worth HS Turkeys : RHP Michael Pittman
Batting: RHB Liam Simons 0-0: Called Strike
0-1: Foul Ball, location: 2F
0-2: Ball
1-2: SINGLE (Groundball, 56D)
Batting: RHB Vincent Turner 0-0: SINGLE (Groundball, 6MD)
Liam Simons to second
Batting: LHB Rob Peterson 0-0: Ball
1-0: Ball
2-0: Ball
3-0: Base on Balls
Liam Simons to third
Vincent Turner to second
Batting: RHB Ramón Garza 0-0: Ball
1-0: Called Strike
1-1: Called Strike
1-2: Foul Ball, location: 2F
1-2: Strikes out looking
Batting: LHB Gus Price 0-0: Called Strike
0-1: Ball
1-1: Foul Ball, location: 2F
1-2: Ball
2-2: Fly out, F7 (Flyball, 78M)
Batting: SHB Josh Conner 0-0: Ball
1-0: Ball
2-0: Fly out, F9 (Flyball, 9)
Bottom of the 5th over - 0 run(s), 2 hit(s), 0 error(s), 3 left on base; Fort Worth HS 4 - Rocky Point HS 1
TOP OF THE 6TH
Fort Worth HS Turkeys batting - Pitching for Rocky Point HS Eagles : RHP Cam Burns
Batting: RHB Fred Smith 0-0: Foul Ball, location: 2F
0-1: Ball
1-1: Ball
2-1: Called Strike
2-2: Foul Ball, location: 2F
2-2: Fly out, F3 (Popup, 3S)
Batting: RHB Denny Dennis 0-0: Swinging Strike
0-1: Ball
1-1: Ball
2-1: Fly out, F8 (Flyball, 8LM)
Batting: RHB Terry McRa 0-0: Ball
1-0: Ball
2-0: Called Strike
2-1: SINGLE (Line Drive, 56)
Batting: RHB Ken Adams 0-0: Ball
1-0: Swinging Strike
1-1: Foul Ball, location: 2F
1-2: Ball
2-2: Ball
3-2: Base on Balls
Terry McRa to second
Pitching: LHP Rick Estes
Batting: LHB Fernando García 0-0: Ground out 4-3 (Groundball, 4S)
Top of the 6th over - 0 run(s), 1 hit(s), 0 error(s), 2 left on base; Fort Worth HS 4 - Rocky Point HS 1
BOTTOM OF THE 6TH
Rocky Point HS Eagles batting - Pitching for Fort Worth HS Turkeys : RHP Michael Pittman
Batting: RHB Fernando Rodríguez 0-0: Ball
1-0: Foul Ball, location: 2F
1-1: Fly out, F7 (Flyball, 7LM)
Batting: RHB Andrew Pinto 0-0: Swinging Strike
0-1: Called Strike
0-2: Strikes out swinging
Batting: SHB Andrés Coronado 0-0: Ball
1-0: Swinging Strike
1-1: Called Strike
1-2: SINGLE (Line Drive, 8RS)
Batting: RHB Liam Simons 0-0: Ball
1-0: Foul Ball, location: 2F
1-1: Ball
2-1: Foul Ball, location: 2F
2-2: Ball
3-2: Base on Balls
Andrés Coronado to second
Pitching: RHP Shawn Miller
Batting: RHB Vincent Turner 0-0: Foul Ball, location: 2F
0-1: SINGLE (Groundball, 5D)
Andrés Coronado to third
Liam Simons to second
Runner from 3rd tries for Home, SAFE, no throw
Batting: LHB Rob Peterson 0-0: SINGLE (Groundball, 4MD)
Liam Simons to third
Vincent Turner to second
Runner from 3rd tries for Home, SAFE, no throw
Batting: RHB Ramón Garza 0-0: Ball
1-0: Ball
2-0: Called Strike
2-1: Ball
3-1: Swinging Strike
3-2: Foul Ball, location: 2F
3-2: Base on Balls
Vincent Turner to third
Rob Peterson to second
Batting: LHB Gus Price 0-0: Called Strike
0-1: Ball
1-1: Fielders Choice at 2nd, 6-4 (Groundball, 6)
Bottom of the 6th over - 2 run(s), 3 hit(s), 0 error(s), 2 left on base; Fort Worth HS 4 - Rocky Point HS 3
TOP OF THE 7TH
Fort Worth HS Turkeys batting - Pitching for Rocky Point HS Eagles : LHP Rick Estes
Batting: RHB Mal Roberson 0-0: Ball
1-0: Ball
2-0: Ground out 6-3 (Groundball, 6S)
Batting: RHB Tristan Vincent 0-0: Ball
1-0: Ball
2-0: Called Strike
2-1: Ball
3-1: Swinging Strike
3-2: SINGLE (Groundball, 4MD)
Batting: LHB Francisco Madraso 0-0: Ball
1-0: Ball
2-0: Foul Ball, location: 2F
2-1: Ball
3-1: Called Strike
3-2: Grounds into double play, 4-6-3 (Groundball, 4)
Top of the 7th over - 0 run(s), 1 hit(s), 0 error(s), 0 left on base; Fort Worth HS 4 - Rocky Point HS 3
BOTTOM OF THE 7TH
Rocky Point HS Eagles batting - Pitching for Fort Worth HS Turkeys : RHP Shawn Miller
Batting: SHB Josh Conner 0-0: Ball
1-0: Ball
2-0: Swinging Strike
2-1: DOUBLE (Flyball, 78D)
Batting: RHB Fernando Rodríguez 0-0: Ball
1-0: Ball
2-0: Ball
3-0: Base on Balls
Batting: RHB Andrew Pinto 0-0: Called Strike
0-1: Called Strike
0-2: Reached via error on a dropped throw, E6
Josh Conner to third
Fernando Rodríguez to second
Batting: SHB Andrés Coronado 0-0: Ball
1-0: Ball
2-0: Grounds into fielders choice 1-2 (Groundball, 15S)
Fernando Rodríguez to third
Andrew Pinto to second
Batting: RHB Liam Simons 0-0: Ball
1-0: Foul Ball, location: 2F
1-1: Ball
2-1: Ball
3-1: Base on Balls
Fernando Rodríguez scores
Andrew Pinto to third
Andrés Coronado to second
Batting: RHB Vincent Turner 0-0: Foul Ball, location: 2F
0-1: Foul Ball, location: 2F
0-2: SINGLE (Groundball, 56) (infield hit)
Andrew Pinto scores
Andrés Coronado to third
Liam Simons to second
Pitching: LHP Adam Guerrero
Pinch Runner at 1st Fernando Pagán:
Pinch Hitting: RHB Pedro Cháves 0-0: Ball
1-0: Called Strike
1-1: Called Strike
1-2: Single, Error in OF, E9, batter to second base
Andrés Coronado scores
Liam Simons scores
Fernando Pagán to third
Batting: RHB Ramón Garza 0-0: Ball
1-0: Ball
2-0: Ball
3-0: Base on Balls
Pitching: LHP Ed Dixon
Batting: LHB Gus Price 0-0: Foul Ball, location: 2F
0-1: Hit by Pitch
Fernando Pagán scores
Pedro Cháves to third
Ramón Garza to second
Batting: SHB Josh Conner 0-0: Ball
1-0: Called Strike
1-1: Grounds into double play, 4-6-3 (Groundball, 4)
Bottom of the 7th over - 5 run(s), 3 hit(s), 2 error(s), 2 left on base; Fort Worth HS 4 - Rocky Point HS 8
TOP OF THE 8TH
Fort Worth HS Turkeys batting - Pitching for Rocky Point HS Eagles : LHP Rick Estes
Now at 1B: Fernando Pagán
Now in RF: Pedro Cháves
Batting: RHB Bill Ménard 0-0: Swinging Strike
0-1: Called Strike
0-2: Strikes out swinging
Batting: RHB Fred Smith 0-0: Foul Ball, location: 2F
0-1: Swinging Strike
0-2: Strikes out looking
Pitching: LHP Keith Burns
Batting: RHB Denny Dennis 0-0: Swinging Strike
0-1: Called Strike
0-2: Ball
1-2: Strikes out swinging
Top of the 8th over - 0 run(s), 0 hit(s), 0 error(s), 0 left on base; Fort Worth HS 4 - Rocky Point HS 8
BOTTOM OF THE 8TH
Rocky Point HS Eagles batting - Pitching for Fort Worth HS Turkeys : LHP Ed Dixon
Batting: RHB Fernando Rodríguez 0-0: Swinging Strike
0-1: Called Strike
0-2: Ball
1-2: Ball
2-2: SINGLE (Flyball, 89S)
Batting: RHB Andrew Pinto 0-0: Called Strike
0-1: Called Strike
0-2: Strikes out looking
Batting: SHB Andrés Coronado 0-0: Foul Ball, location: 2F
0-1: Swinging Strike
0-2: Ball
1-2: Ball
2-2: Fly out, F8 (Flyball, 8RD)
Batting: RHB Liam Simons 0-0: Called Strike
0-1: Ball
1-1: Foul Ball, location: 2F
1-2: Ball
2-2: Strikes out swinging
Bottom of the 8th over - 0 run(s), 1 hit(s), 0 error(s), 1 left on base; Fort Worth HS 4 - Rocky Point HS 8
TOP OF THE 9TH
Fort Worth HS Turkeys batting - Pitching for Rocky Point HS Eagles : LHP Keith Burns
Batting: RHB Terry McRa 0-0: Ball
1-0: Called Strike
1-1: Swinging Strike
1-2: Ball
2-2: Foul Ball, location: 2F
2-2: Strikes out swinging
Batting: RHB Ken Adams 0-0: Ball
1-0: Called Strike
1-1: Called Strike
1-2: Strikes out looking
Pitching: RHP Nick Cox
Batting: LHB Fernando García 0-0: Ball
1-0: Called Strike
1-1: Ball
2-1: Foul Ball, location: 2F
2-2: Foul Ball, location: 2F
2-2: Ball
3-2: Fly out, F8 (Flyball, 8RM)
Top of the 9th over - 0 run(s), 0 hit(s), 0 error(s), 0 left on base; Fort Worth HS 4 - Rocky Point HS 8
Thursday, March 30th, 2017 - OOTP Baseball 17.12 Build 75